 Dungeon Crawl Stone Soup version 0.31-a0-37-g98a128e1d9 (webtiles) character file.

Game seed: 4157358628855349838

2 graymark the Trooper (level 1, -2/21 HPs)
             Began as a Naga Fighter on May 15, 2023.
             Succumbed to a goblin's poison
             ... on level 1 of the Dungeon.
             The game lasted 00:00:24 (43 turns).

graymark the Trooper (Naga Fighter)                   Turns: 43, Time: 00:00:25

Health: -2/21      AC:  3    Str: 18    XL:     1   Next: 30%
Magic:  1/1        EV:  7    Int:  8    God:
Gold:   0          SH:  4    Dex: 10    Spells: 0/0 levels left

rFire   . . .        a - +0 war axe
rCold   . . .        c - +0 buckler
rNeg    . . .        b - +0 scale mail
rPois   +            (no helmet)
rElec   .            (no cloak)
rCorr   .            (no gloves)
SInv    +            (no barding)
Will    .....        (no amulet) Stlth
                     (no ring)
HPRegen 0.23/turn    (no ring)
MPRegen 0.07/turn

%: no passive effects
@: mighty, lethally poisoned (-2 -> -17), very slow
A: AC +0, large, see invisible, deformed body, poison resistance, slowness 2,
spit poison 1, naga tail 1
a: Spit Poison


You were on level 1 of the Dungeon.
You visited 1 branch of the dungeon, and saw 1 of its levels.

Inventory:

Hand Weapons
 a - a +0 war axe (weapon)
Armour
 b - a +0 scale mail (worn)
 c - a +0 buckler (worn)
Scrolls
 e - a scroll of fear {unknown}


   Skills:
 + Level 3.0 Fighting
 + Level 2.0 Axes
 + Level 2.4 Armour
 * Level 0.1 Dodging
 + Level 2.7 Shields


You couldn't memorise any spells.
You didn't know any spells.
Your spell library was empty.

Dungeon Overview and Level Annotations

Branches:
Dungeon (1/15)

Altars:


Innate Abilities, Weirdness & Mutations

Your serpentine skin is tough. (AC +0)
You have supernaturally acute eyesight. (SInv)
Armour fits poorly on your strangely shaped body.
Your system is resistant to poisons. (rPois)
You cover ground very slowly.
You can spit poison.
You have a snake-like lower body.


Message History

You barely miss the rat. The rat bites you but does no damage.
You barely miss the rat.
The rat bites you but does no damage. x2
You hit the rat.
You kill the rat!
You closely miss the goblin. You block the goblin's attack.
The goblin hits you but does no damage.
You slash the goblin!
You kill the goblin!
You hit the goblin.
The goblin is moderately wounded.
The goblin hits you with a +2 dagger of venom.
You block the goblin's attack.
You barely miss the goblin.
The goblin is moderately wounded.
The goblin hits you with a +2 dagger of venom.
You barely miss the goblin.
The goblin is moderately wounded.
The goblin hits you with a +2 dagger of venom.
The goblin hits you but does no damage.
You closely miss the goblin.
The goblin is moderately wounded.
The goblin hits you with a +2 dagger of venom.
You barely miss the goblin.
The goblin is moderately wounded.
The goblin hits you with a +2 dagger of venom.
You are lethally poisoned!
You barely miss the goblin.
The goblin is moderately wounded.
* * * LOW HITPOINT WARNING * * *
You feel very sick. The goblin barely misses you.
The goblin closely misses you.
You miss the goblin.
The goblin is moderately wounded.
* * * LOW HITPOINT WARNING * * *
You feel very sick.
The goblin hits you with a +2 dagger of venom.
* * * LOW HITPOINT WARNING * * *
You are more poisoned.
You feel very mighty all of a sudden.
You die...

..........#
#....§r§#
#.....#.r#
###...#..####
#...#.....#
#.........#
........#..####
#.##..........####
#..§..........g@.#
###.######'####.#
#. #≈≈≈~≈≈≈#.# #.
#~#~<~#≈#.#
#~###~#~#.#
#~~~~~~#.#
#~#######.# .#


You could see a goblin.

Vanquished Creatures
  A goblin (D:1)
  2 rats (D:1)
3 creatures vanquished.

Notes
Turn   | Place    | Note
-------+----------+-------------------------------------------
     0 | D:1      | graymark the Naga Fighter began the quest for the Orb.
     0 | D:1      | Reached XP level 1. HP: 21/21 MP: 1/1
    42 | D:1      | HP: 1/21 [goblin/+2 dagger of venom (3)]
    43 | D:1      | Succumbed to a goblin's poison

Illustrated notes

Levels and vault maps discovered:
D:1:      ncdulo_wetmaze, layout_basic, minmay_vboxes

Action                     || total
---------------------------++-------
  Melee: War axe           ||    14
    Use: Potion            ||     1
 Armour: Scale mail        ||     6
  Dodge: Dodged            ||     4
  Block: Buckler           ||     3

Table legend: (Time is in decaauts)
 A = Elapsed time spent in this place.
 B = Non-inter-level travel time spent in this place.
 C = Inter-level travel time spent in this place.
 D = Time resting spent in this place.
 E = Time spent auto-exploring this place.
 F = Levels seen in this place.
 G = Mean time per level.
                   A        B        C        D        E       F      G
               +--------+--------+--------+--------+--------+-----+--------+
         Total |     58 |     58 |      0 |      0 |     20 |   1 |   58.0 |
       Dungeon |     58 |     58 |      0 |      0 |     20 |   1 |   58.0 |
               +--------+--------+--------+--------+--------+-----+--------+

Top non-repeatable levels by time:
     D:1: 58 daAuts
